AoeStats
← W1ldFyre

Nomad

507110851Analyzed
3v3 RM · 16d ago on Sep 16, 2026· 59m 46s· 6 players
Game mode
Random Map
Map size
210×210
Population
200
Speed
Normal
Resources
Standard
Victory
Conquest
Starting age
Dark Age
Ending age
Imperial Age
RankedLock teamsTeams togetherTeam positionsShared explorationLock speedFull tech treeHidden civsTurbo modeCheats
Victory
Defeat
🇮🇲 Bulgarians · Isle of Man
736
+7
🇮🇲 Japanese · Isle of Man
700
+8
🇬🇧 Aztecs · United Kingdom
697
+9
🇸🇪 Maya · Sweden
687
-13
🇷🇺 Mongols · Russia
468
-6
🇹🇷 Vikings · Türkiye
406
-5
Lord
3:50 Loom
19:42 Feudal Age
21:31 Fishing Lines
22:24 Town Watch
23:16 Wheelbarrow
22:30 Double-Bit Axe
22:28 Horse Collar
25:35 Castle Age
23:26 Town Watch
24:17 Wheelbarrow
26:07 Scale Mail Armor
26:17 Forging
26:13 Scale Barding Armor
26:09 Padded Archer Armor
27:11 Town Patrol
26:47 Man-at-Arms
26:50 Pikeman
27:30 Squires
27:52 Long Swordsman
28:18 Arson
28:46 Heavy Plow
29:58 Murder Holes
30:14 Fortified Wall
32:33 Hand Cart
32:00 Elite Skirmisher
32:01 Crossbowman
34:26 Bow Saw
34:44 Leather Archer Armor
34:19 Fletching
34:45 Chain Mail Armor
38:41 Ballistics
38:12 Guard Tower
38:36 Masonry
45:05 Imperial Age
43:38 Iron Casting
43:23 Bodkin Arrow
47:06 Chemistry
46:12 Siege Engineers
47:11 Nomads
47:32 Conscription
HAKE
15:09 Feudal Age
16:42 Double-Bit Axe
18:33 Horse Collar
25:45 Castle Age
24:14 Arson
26:29 Caravan
26:18 Town Watch
26:35 Elite Skirmisher
27:45 Padded Archer Armor
30:08 Leather Archer Armor
29:44 Fletching
30:10 Light Cavalry
32:18 Forging
32:14 Scale Barding Armor
32:46 Squires
35:30 Pikeman
38:18 Chieftains
44:36 Bodkin Arrow
45:17 Iron Casting
46:36 Scale Mail Armor
48:47 Chain Mail Armor
A Fuckass Goblin
12:48 Feudal Age
20:04 Castle Age
17:53 Double-Bit Axe
18:01 Gold Mining
17:55 Horse Collar
18:29 Stone Mining
21:13 Bow Saw
21:06 Heavy Plow
21:04 Fletching
24:08 Bodkin Arrow
24:14 Padded Archer Armor
26:31 Crossbowman
27:17 Thumb Ring
33:14 Leather Archer Armor
34:56 Ballistics
36:31 Elite Skirmisher
50:56 Imperial Age
joklim
15:39 Feudal Age
21:41 Castle Age
20:25 Double-Bit Axe
21:04 Horse Collar
22:21 Fishing Lines
22:57 Gambesons
23:14 Gambesons
23:31 Squires
23:16 Arson
24:25 Bow Saw
24:56 Loom
25:47 Wheelbarrow
26:22 Forging
26:13 Scale Mail Armor
29:20 Hand Cart
30:59 Chain Mail Armor
31:21 Iron Casting
34:02 Imperial Age
36:47 Blast Furnace
40:46 Plate Mail Armor
W1ldFyre
5:50 Loom
14:51 Feudal Age
24:41 Castle Age
24:05 Forging
23:59 Scale Mail Armor
24:25 Horse Collar
24:39 Gold Mining
24:43 Stone Mining
25:57 Eagle Warrior
28:04 Iron Casting
32:11 Chain Mail Armor
32:32 Iron Casting
34:08 Ballistics
33:48 Murder Holes
36:18 Double-Bit Axe
36:38 Heavy Plow
37:40 Pikeman
38:22 Squires
45:28 Imperial Age
45:37 Elite Skirmisher
47:24 Conscription
53:55 Medium Warships
56:38 Heavy Warships
59:22 Heated Shot
60:33 Chemistry
60:01 Shipwright
59:55 Clinker Construction
59:59 Careening
Razzuss
14:24 Feudal Age
14:51 Horse Collar
16:54 Double-Bit Axe
17:45 Gold Mining
20:22 Man-at-Arms
21:20 Scale Mail Armor
21:32 Forging
22:50 Stone Mining
26:42 Castle Age
28:32 Bow Saw
28:26 Heavy Plow
28:48 Squires
29:35 Gold Shaft Mining
31:51 Chain Mail Armor
32:13 Iron Casting
39:06 Imperial Age
38:44 Wheelbarrow
37:55 Loom
40:02 Elite Samurai
41:07 Arson
41:08 Gambesons
42:09 Plate Mail Armor
43:07 Blast Furnace
48:00 Two-Man Saw
58:37 Demolition Ship
59:29 Medium Warships
Connection lost

Rejoining the realm…

Still unreachable

The connection could not be restored.

Session expired

The server has moved on; the page needs a fresh start.